 Dungeon Crawl Stone Soup version 0.21.3-3-g218456f21e (console) character file.

415 spaceenotik the Cudgeler (level 6, 0/61 HPs)
             Began as a Troll Berserker on Dec 20, 2021.
             Was a Believer of Trog.
             Slain by an iguana (11 damage)
             ... on level 4 of the Dungeon.
             The game lasted 00:13:58 (2761 turns).

spaceenotik the Cudgeler (Troll Berserker)          Turns: 2761, Time: 00:13:58

Health: 0/61       AC:  5    Str: 27    XL:     6   Next: 60%
Magic:  5/5        EV: 11    Int:  4    God:    Trog [**....]
Gold:   123        SH:  0    Dex:  9    Spells: 5/5 levels left

rFire    . . .     SeeInvis .   v - +0 mace
rCold    . . .     Gourm    +   (no shield)
rNeg     . . .     Faith    .   b - +0 animal skin
rPois    +         Spirit   .   (helmet restricted)
rElec    .         Reflect  .   (no cloak)
rCorr    .         Harm     .   (gloves unavailable)
MR       ++...                  (boots unavailable)
Stlth    +.........             (no amulet)
HPRegen  1.60/turn              m - ring of poison resistance
MPRegen  0.09/turn              (no ring)

@: lethally poisoned (0 -> 0), berserk cooldown, regenerating, slowed, very slow
A: large, unfitting armour, claws 3, fast metabolism 3, gourmand, regeneration
1, shaggy fur 1, tough skin 2
a: Berserk, Trog's Hand, Burn Spellbooks, Renounce Religion


You were on level 4 of the Dungeon.
You worshipped Trog.
Trog was pleased with you.
You were full.

You visited 1 branch of the dungeon, and saw 4 of its levels.

You collected 123 gold pieces.

Inventory:

Hand Weapons
 a - a +0 mace
 v - a +0 mace (weapon)
Missiles
 f - 64 poisoned needles
Armour
 b - a +0 animal skin (worn)
Jewellery
 m - a ring of poison resistance (left claw)
Scrolls
 d - a scroll of random uselessness {unknown}
 i - 2 scrolls of identify {unknown}
 j - a scroll of immolation {unknown}
 l - a scroll of enchant weapon {unknown}
 n - 3 scrolls of blinking {unknown}
 o - a scroll of amnesia {unknown}
 p - 2 scrolls of enchant armour {unknown}
 q - a scroll of magic mapping {unknown}
 r - 2 scrolls of fear {unknown}
 s - 2 scrolls of remove curse {unknown}
Potions
 e - a potion of agility {unknown}
 h - 2 potions of magic
 u - a potion of curing {unknown}
Comestibles
 c - 3 rations
 g - 5 chunks of flesh


   Skills:
 + Level 3.5 Fighting
 + Level 5.1 Maces & Flails
 + Level 3.6 Dodging
 + Level 1.0 Stealth


You had 5 spell levels left.
You didn't know any spells.

Dungeon Overview and Level Annotations

Branches:
Dungeon (4/15)
 Temple: D:4-7

Altars:
Kikubaaqudgha


Innate Abilities, Weirdness & Mutations

You are too large for most types of armour.
You have claws for hands.
Your metabolism is lightning-fast.
You like to eat raw meat.
Your natural rate of healing is unusually fast.
You are covered in fur. (AC +1)
You have very tough skin. (AC +2)


Message History

The orc wizard blinks!
The worker ant bites you.
* * * LOW HITPOINT WARNING * * *
Okay, then.
It was a potion of berserk rage.
You're still recovering from your berserk rage.
The orc wizard casts a spell at you. The magic dart hits you!
* * * LOW HITPOINT WARNING * * *
The worker ant closely misses you.
The orc wizard gestures at you while chanting.
The magic dart hits you!
* * * LOW HITPOINT WARNING * * *
The worker ant bites you but does no damage.
You're still recovering from your berserk rage.
Your skin crawls.
You feel resistant to hostile enchantments.
You feel quite a bit less full.
The orc wizard gestures wildly while chanting.
The orc wizard blinks!
The iguana bites you!
You die...

.. ###### ....###....##
...........#
...........# .
...........# .
...........# ..
........[.# .l. ##+##
###......#
...##...###+####@.....#
........)...)..al.....#
............[.........+
...##............o....#
. #.....(...........#
..........##....§..##
...........##.......##..
.. #...
...............†)..(....
..##...
..##.......##...........
...... ...
##+#######.............
..... ..
+................##....
#...


You could see an iguana, a worker ant and an orc wizard.

Vanquished Creatures
  The ghost of wlmhamsi the Geomancer, an amateur GnWn (D:3)
  A scorpion (D:4)
  A hound (D:3)
  An orc priest (D:4)
  3 gnolls (D:3)
  An ooze (D:4)
  2 worms (D:3)
  A dart slug (D:1)
  A leopard gecko (D:2)
  10 orcs
  6 giant cockroaches
  2 goblins (D:1)
  10 hobgoblins
  2 quokkas
  3 bats
  2 frilled lizards
  13 kobolds
  9 rats
69 creatures vanquished.

Notes
Turn   | Place    | Note
-------+----------+-------------------------------------------
     0 | D:1      | spaceenotik the Troll Berserker began the quest for the Orb.
     0 | D:1      | Reached XP level 1. HP: 22/22 MP: 0/0
   309 | D:1      | Reached XP level 2. HP: 29/29 MP: 1/1
   605 | D:1      | Reached skill level 3 in Maces & Flails
  1058 | D:1      | Reached XP level 3. HP: 33/36 MP: 2/2
  1516 | D:2      | Reached ** piety under Trog
  1643 | D:2      | Found a faded altar of an unknown god.
  1885 | D:3      | Found an ancient bone altar of Kikubaaqudgha.
  1927 | D:3      | Reached XP level 4. HP: 45/45 MP: 3/3
  1946 | D:3      | Noticed wlmhamsi's ghost (amateur GnWn)
  1969 | D:3      | Killed wlmhamsi's ghost
  1969 | D:3      | Reached skill level 4 in Maces & Flails
  1969 | D:3      | Reached XP level 5. HP: 53/53 MP: 4/4
  2053 | D:3      | Reached XP level 6. HP: 61/61 MP: 5/5
  2699 | D:4      | Reached skill level 5 in Maces & Flails
  2753 | D:4      | Reached skill level 1 in Stealth
  2761 | D:4      | Slain by an iguana

Skill      XL: |  1  2  3  4  5  6 |
---------------+-------------------+-----
Maces & Flails | 3 4 5 |  5.1
Fighting       | 3 |  3.5
Dodging        | 3 |  3.6
Stealth        | 1 |  1.0

Action                   |  1- 3 |  4- 6 || total
-------------------------+-------+-------++-------
Melee: Mace              |   120 |    92 ||   212
Invok: Berserk           |    14 |     6 ||    20
       Trog's Hand       |     1 |     5 ||     6
  Use: Potion            |       |     5 ||     5
  Eat: Chunk             |    25 |    18 ||    43
       Ration            |     1 |     1 ||     2
Armor: Animal skin       |    65 |    34 ||    99
Dodge: Dodged            |    85 |    53 ||   138
Block: Large shield      |     6 |       ||     6
